cohdb
Replays
Latest Replays
All Replays
Popular Replays
Top Player Replays
Match Explorer
How It Works
Community
CoH3 Stats
Reddit
Sign in to upload your games and track your stats! →
Sign in with Steam
Match 45238273
Unlisted
Match 45238273
Overview
Messages
Build Orders
End
Construct Barracks
Riflemen Squad
Riflemen Squad
Selects Advanced Infantry Battlegroup
Riflemen Squad
Selects Convert to Ranger Squad
Convert to Ranger Squad
Infantry Support Center
Construct Motor Pool
Convert to Ranger Squad
Selects Frontline Medical Station
Riflemen Squad
Advanced Logistics
Convert to Ranger Squad
M24 Chaffee Light Tank
抹茶生椰椰
低分国人=菜还嘴臭
胡德
wila
快速魔头号
bkreuzer
176525
FriedJared
0
0
Comments
sign in to comment!
No comments posted yet!